 Dungeon Crawl Stone Soup version 0.29-a0-559-g359e09b9d1 (webtiles) character file.

Game seed: 12428304221826767718

723 dolemite99 the Destroyer (level 8, -6/57 HPs)
             Began as a Meteoran Conjurer on June 9, 2022.
             Was a Believer of Fedhas.
             Mangled by Joseph
             ... wielding a +2 quarterstaff of draining
              (14 damage)
             ... on level 7 of the Dungeon.
             The game lasted 00:06:06 (3732 turns).

dolemite99 the Destroyer (Meteoran Conjurer)        Turns: 3732, Time: 00:06:07

Health: -6/57      AC:  3    Str:  9    XL:     8   Next: 22%
Magic:  7/13       EV: 11    Int: 24    God:    Fedhas [**....]
Gold:   176        SH:  0    Dex: 12    Spells: 6/12 levels left

rFire   . . .      SeeInvis .   m - +1 hunting sling
rCold   . . .      Faith    .   (no shield)
rNeg    . . .      Spirit   .   w - +0 leather armour of Honour {rCorr Int+2 Slay+3}
rPois   .          Reflect  .   (no helmet)
rElec   .          Harm     .   (no cloak)
rCorr   +          Rampage  .   (no gloves)
Will    +....                   (no boots)
Stlth   +.........              (no amulet)
HPRegen 0.19/turn               (no ring)
MPRegen 0.13/turn               (no ring)

@: very slightly contaminated, glowing
A: sense surroundings 1, otherworldly, glowing, explore regen
a: Renounce Religion, Wall of Briars


You were on level 7 of the Dungeon.
You worshipped Fedhas.
Fedhas was pleased with you.
You visited 1 branch of the dungeon, and saw 7 of its levels.
You also visited: Sewer.

You collected 176 gold pieces.

Inventory:

Hand Weapons
 b - a +0 trident
 e - a +0 dagger
 m - a +1 hunting sling (weapon)
 n - a +0 war axe
 o - a +2 vorpal hand axe
 u - a +0 dagger of venom
 x - a +2 scimitar of holy wrath
Missiles
 c - 9 poisoned darts
Armour
 a - a +0 robe
 w - the +0 leather armour of Honour (worn) {rCorr Int+2 Slay+3}
   (You found it on level 5 of the Dungeon)

   Int:       It affects your intelligence (+2).
   Slay:      It affects your accuracy & damage with ranged weapons and melee
   (+3).
   rCorr:     It protects you from acid and corrosion.
Wands
 r - a wand of mindburst (6)
Scrolls
 d - 3 scrolls of identify {@r1}
 i - 2 scrolls of enchant armour
 q - a scroll of immolation
Potions
 f - a potion of curing {unknown}
 g - 2 potions of degeneration {unknown}
 j - a potion of might {unknown}
 k - a potion of magic
 l - a potion of resistance {unknown}
 p - 3 potions of flight {unknown}
 s - a potion of haste
 v - a potion of brilliance {unknown}
 z - a potion of cancellation {unknown}


   Skills:
 - Level 2.4 Dodging
 - Level 1.4 Stealth
 - Level 2.6 Spellcasting
 - Level 10.0 Conjurations
 + Level 4.2 Hexes


You had 6 spell levels left.
You knew the following spells:

 Your Spells              Type           Power      Damage    Failure   Level
a - Magic Dart            Conj           100%       1d8       1%          1
b - Searing Ray           Conj           100%       2d8       1%          2
c - Dazzling Flash        Conj/Hex       74%        N/A       2%          3

Your spell library contained the following spells:

 Spells                   Type           Power      Damage    Failure   Level
 Fulminant Prism          Conj/Hex       18%        3d11      9%          4
 Iskenderun's Mystic Bla  Conj/Tloc      27%        2d7       21%         4


Dungeon Overview and Level Annotations

Branches:
Dungeon (7/15)              Sewer (visited)
 Temple: D:4-7

Altars:
Fedhas

Annotations:
D:6 Duvessa
D:7 Joseph


Innate Abilities, Weirdness & Mutations

You passively map a small area around you.
You are easily found by Zot.
You glow in the dark.
You regain HP and MP as you explore.


Message History

Aiming: Searing Ray (safe; 1% risk of failure)
Press: ? - help, Shift-Dir - straight line, f - scorpion
Aim: a scorpion (83% to hit)
The searing ray hits the scorpion!
The scorpion is heavily wounded. (Press . to maintain the ray.)
The searing ray hits the scorpion.
The scorpion is severely wounded.
The searing ray hits the scorpion!
You kill the scorpion!
Fedhas appreciates your contribution to the ecosystem.
The searing ray hits Joseph!
Joseph is lightly wounded.
Joseph shoots a sling bullet.
The sling bullet hits you!
Joseph shoots a sling bullet.
The sling bullet hits you!!
* * * LOW HITPOINT WARNING * * *
Your Hexes skill increases to level 4!
The searing ray hits Joseph!
Joseph is moderately wounded.
You finish channelling your searing ray.
You feel much better.
Joseph shoots a sling bullet.
The sling bullet hits you!
* * * LOW HITPOINT WARNING * * *
Joseph shoots a sling bullet.
The sling bullet barely misses you.
Joseph shoots a sling bullet.
The sling bullet hits you!
* * * LOW HITPOINT WARNING * * *
Casting: Searing Ray (safe; 1% risk of failure)
Confirm with . or Enter, or press ? or * to list all spells.
Aiming: Searing Ray (safe; 1% risk of failure)
Press: ? - help, Shift-Dir - straight line, f - Joseph
Aim: Joseph, wielding a +0 hunting sling and wearing a +0 leather armour (moderately wounded, fast, 83% to hit)
You miscast Searing Ray.
You are very lightly contaminated with residual magic.
Nothing appears to happen.
Joseph unwields a +0 hunting sling.
Joseph wields a +2 quarterstaff of draining.
You sense an unholy aura.
Joseph closely misses you.
Joseph says, "I've waited for this moment for such a long time."
Joseph barely misses you.
Joseph hits you with a +2 quarterstaff of draining!
You die...
Fedhas appreciates your contribution to the ecosystem.

* .. #.
*
#.##.##
, * ,,
..<..#
,,
,....#
*...# ,
..# *
#@# * ,
, , *
#@# *
** *
#<# *
,, , *
* * #.#
* * ,
#.# *,
*,
***#.#
#.# #.#
..# *
.## ,


You could see Joseph (fast).

Vanquished Creatures
  An orc warrior (D:5)
  Blork the orc (D:5)
  2 scorpions
  Dowan (D:6)
  A howler monkey (D:5)
  2 orc priests (D:5)
  3 iguanas
  2 orc wizards
  7 adders
  A white imp (D:5)
  6 worms
  2 dart slugs (D:4)
  12 orcs
  7 ball pythons
  3 bats
  10 endoplasms
  4 giant cockroaches
  4 hobgoblins
  5 jackals
  4 kobolds
  A quokka (D:4)
  6 frilled lizards
  5 goblins
  7 rats
97 creatures vanquished.

Notes
Turn   | Place    | Note
-------+----------+-------------------------------------------
     0 | D:1      | dolemite99 the Meteoran Conjurer began the quest for the
                  | Orb.
     0 | D:1      | Reached XP level 1. HP: 14/14 MP: 5/5
    34 | D:1      | Reached skill level 5 in Conjurations
    77 | D:1      | Reached XP level 2. HP: 20/20 MP: 4/6
   121 | D:1      | You fall into a shaft and drop 1 floor!
   227 | D:2      | Reached XP level 3. HP: 6/26 MP: 0/8
   606 | D:2      | Found a blossoming altar of Fedhas.
   661 | D:2      | Became a worshipper of Fedhas Madash
   689 | D:2      | Reached skill level 6 in Conjurations
  1054 | D:3      | Learned a level 2 spell: Searing Ray
  1058 | D:3      | Learned a level 3 spell: Dazzling Flash
  1094 | D:3      | Found a glowing drain.
  1132 | Sewer    | Entered a sewer
  1141 | Sewer    | Reached XP level 4. HP: 33/33 MP: 7/9
  1216 | Sewer    | Reached * piety under Fedhas
  1453 | D:3      | Reached skill level 7 in Conjurations
  1453 | D:3      | Reached XP level 5. HP: 24/38 MP: 8/10
  1891 | D:3      | Glimpsed the power of Zot.
  1941 | D:3      | Glimpsed the power of Zot.
  2303 | D:4      | Reached XP level 6. HP: 36/45 MP: 5/11
  2385 | D:3      | Reached skill level 8 in Conjurations
  2478 | D:4      | Glimpsed the power of Zot.
  2487 | D:5      | Entered Level 5 of the Dungeon
  2620 | D:5      | Reached ** piety under Fedhas
  2723 | D:5      | Reached skill level 9 in Conjurations
  2723 | D:5      | Reached XP level 7. HP: 44/50 MP: 4/12
  3071 | D:4      | Glimpsed the power of Zot.
  3120 | D:5      | Glimpsed the power of Zot.
  3126 | D:6      | Noticed Duvessa
  3126 | D:6      | Noticed Dowan
  3228 | D:5      | Identified the +0 leather armour of Honour {rCorr Int+2
                  | Slay+3}
  3254 | D:5      | Noticed Blork the orc
  3269 | D:5      | Killed Blork the orc
  3270 | D:5      | Reached skill level 10 in Conjurations
  3405 | D:5      | Reached XP level 8. HP: 40/57 MP: 1/13
  3669 | D:5      | Glimpsed the power of Zot.
  3711 | D:6      | Killed Dowan
  3718 | D:6      | Glimpsed the power of Zot.
  3721 | D:7      | Noticed Joseph
  3732 | D:7      | Mangled by Joseph

Illustrated notes

Levels and vault maps discovered:
D:1:      lightli_arrival_maybe_door_vault, layout_loops_corners,
          hellmonk_ecumenical_altar_arch_garden, hangedman_feature_mirror,
          minmay_tromino_mix6
D:2:      layout_basic, basic_altar
D:3:      layout_loops_ring, cheibrodos_sewer_entry_drain, chequers_arboretum
D:4:      layout_basic, uniq_crazy_yiuf_cottage
D:5:      layout_basic, dk_noncrumbling_3, kennysheep_generic_room_5,
          uniq_blork_the_orc
D:6:      layout_cave_pods, minmay_temple_entry_sparse_star, uniq_duvessa,
          uniq_grinder
D:7:      layout_loops_ring, minmay_misc_feat_diagonals,
          minmay_a_box_with_orc_wizards_in_it, uniq_joseph, uniq_maggie

Skill      XL: |  1  2  3  4  5  6  7  8 |
---------------+-------------------------+-----
Conjurations   | 5 6 7 9 10 | 10.0
Hexes          | 3 4 |  4.2
Dodging        | |  2.4
Stealth        | |  1.4
Spellcasting   | |  2.6

Action                   |  1- 3 |  4- 6 |  7- 9 || total
-------------------------+-------+-------+-------++-------
Melee: Unarmed           |    17 |       |       ||    17
       Trident           |     2 |    23 |       ||    25
       Dagger            |     1 |       |       ||     1
       Punch             |     1 |       |       ||     1
 Fire: Hunting sling     |       |    37 |    14 ||    51
Throw: Dart              |     7 |    11 |       ||    18
 Cast: Magic Dart        |    66 |     2 |       ||    68
       Searing Ray       |       |    26 |    20 ||    46
Evoke: Wand              |       |       |     3 ||     3
  Use: Potion            |     1 |       |     4 ||     5
       Scroll            |       |     1 |     3 ||     4
Armor: Robe              |     3 |    17 |     7 ||    27
       Leather armour    |       |       |     3 ||     3
Dodge: Dodged            |    14 |    35 |    33 ||    82

Table legend: (Time is in decaauts)
 A = Elapsed time spent in this place.
 B = Non-inter-level travel time spent in this place.
 C = Inter-level travel time spent in this place.
 D = Time resting spent in this place.
 E = Time spent auto-exploring this place.
 F = Levels seen in this place.
 G = Mean time per level.
                   A        B        C        D        E       F      G
               +--------+--------+--------+--------+--------+-----+--------+
         Total |   3781 |   3680 |    101 |    974 |   1844 |   8 |  472.6 |
       Dungeon |   3564 |   3463 |    101 |    927 |   1796 |   7 |  509.1 |
         Sewer |    217 |    217 |      0 |     47 |     48 |   1 |  217.0 |
               +--------+--------+--------+--------+--------+-----+--------+

Top non-repeatable levels by time:
     D:5: 1193 daAuts
     D:2: 920 daAuts
     D:3: 784 daAuts
     D:4: 511 daAuts
   Sewer: 217 daAuts
     D:1: 121 daAuts
     D:6: 20 daAuts
     D:7: 12 daAuts
